[Event "Titled Tuesday Blitz December 20 Late 2022"]
[White "Gomes, Luiz Alexandre de Souza"]
[Black "Floresvillar Gonzalez, Luis Migu"]
[WhiteFideId "2102790"]
[BlackFideId "5100542"]
[WhiteElo "2368"]
[BlackElo "2040"]
[Result "1-0"]
[Round "10"]
[TimeControl "180+1"]
[Date "2022.12.21"]
[WhiteClock "0:01:50"]
[BlackClock "0:00:59"]

1. e4 d6 2. d4 c6 3. c4 Nf6 4. Nc3 g6 5. f3 Bg7 6. Be3 Nbd7 7. Qd2 e5 8. Nge2 O-O 9. O-O-O exd4 10. Nxd4 Ne5 11. Be2 Qa5 12. Nb3 Qc7 13. Qxd6 Qxd6 14. Rxd6 Be6 15. c5 b6 16. Rhd1 Bc4 17. cxb6 axb6 18. Bxb6 Bxe2 19. Nxe2 Rfc8 20. Rd8+ Bf8 21. Rxc8 Rxc8 22. Bd4 Ned7 23. Bc3 Bg7 24. g4 h6 25. h4 Nf8 26. Nc5 Ra8 27. a3 Rc8 28. a4 Ra8 29. a5 Ne8 30. Bxg7 Kxg7 31. b4 Nc7 32. Nd4 Na6 33. Nxa6 Rxa6 34. Kb2 c5 35. bxc5 Rxa5 36. c6 Rc5 37. Kb3 Ne6 38. Nxe6+ fxe6 39. Rd6 Kf6 40. Kb4 Rc1 41. Kb5 g5 42. h5 Rb1+ 43. Kc5 Ke5 44. Rd4 Rb8 45. c7 Rc8 46. Rd7 Kf4 47. Rf7+ Kg3 48. Kc6 e5 49. Kd7 Ra8 50. c8=Q Rxc8 51. Kxc8 1-0


[Site "https://www.chess.com"]

[Event "Titled Tuesday Blitz December 20 Late 2022"]
[White "Goryachkina, Aleksandra"]
[Black "Sztokbant, Bernardo Vainzoff"]
[WhiteFideId "4147103"]
[BlackFideId "2115956"]
[WhiteElo "2484"]
[BlackElo "2222"]
[Result "1-0"]
[Round "10"]
[TimeControl "180+1"]
[Date "2022.12.20"]
[WhiteClock "0:00:16"]
[BlackClock "0:00:03"]

1. Nf3 d5 2. g3 Nf6 3. c4 g6 4. cxd5 Nxd5 5. Bg2 Bg7 6. O-O O-O 7. Nc3 c5 8. Nxd5 Qxd5 9. d3 Nc6 10. a3 Qd7 11. Qc2 b6 12. Bd2 Bb7 13. Bc3 Nd4 14. Bxd4 cxd4 15. Rac1 Rfc8 16. Qd2 Bf6 17. Rxc8+ Rxc8 18. Rc1 Kg7 19. Rxc8 Qxc8 20. Ne1 Bxg2 21. Kxg2 h5 22. h4 Qg4 23. Nf3 Qc8 24. Qd1 Qc6 25. Kg1 a5 26. a4 Qc5 27. Nd2 b5 28. b3 bxa4 29. bxa4 Qb4 30. Nc4 e6 31. Kg2 Qb7+ 32. Kh2 Qb4 33. Qd2 Qxa4 34. Nxa5 Qb5 35. Nc4 Qf5 36. Kg2 Qd5+ 37. f3 Qc5 38. Qf4 g5 39. hxg5 Qxg5 40. Qxg5+ Bxg5 41. f4 Be7 42. Kf3 f5 43. Nd2 Kf6 44. Kf2 Bb4 45. Nf3 Bc3 46. Kg2 Bb2 47. Kh3 Bc3 48. Kh4 Kg6 49. Ne5+ Kh6 50. Nf7+ Kg6 51. Ng5 Kf6 52. Kxh5 Be1 53. Kh4 e5 54. fxe5+ Kxe5 55. Nf3+ 1-0


[Site "https://www.chess.com"]

[Event "Titled Tuesday Blitz December 20 Late 2022"]
[White "Hambleton, Aman"]
[Black "Perske, Thore"]
[WhiteFideId "2606577"]
[BlackFideId "12902195"]
[WhiteElo "2538"]
[BlackElo "2336"]
[Result "0-1"]
[Round "10"]
[TimeControl "180+1"]
[Date "2022.12.21"]
[WhiteClock "0:00:01"]
[BlackClock "0:00:03"]

1. d4 Nf6 2. Bf4 d5 3. e3 c5 4. c3 Nc6 5. Nd2 e6 6. Ngf3 cxd4 7. exd4 Nh5 8. Be3 Bd6 9. g3 f5 10. Ne5 Nf6 11. Ndf3 Ne4 12. Bf4 O-O 13. Bd3 Bd7 14. Qe2 Be8 15. Nxc6 bxc6 16. Bxd6 Qxd6 17. Ne5 c5 18. O-O Rb8 19. f3 Nf6 20. Rf2 cxd4 21. cxd4 Rb4 22. a3 Rxd4 23. Qe3 Ra4 24. b4 d4 25. Qe1 Nd5 26. Nc4 Qd7 27. Nb2 Ne3 28. Nxa4 Qxa4 29. Qc1 Qb3 30. Rd2 Qd5 31. Rf2 Bb5 32. Bxb5 Qxb5 33. Qc5 Qxc5 34. bxc5 Rc8 35. Rc1 e5 36. Rd2 Kf7 37. f4 Ke6 38. fxe5 Kxe5 39. c6 Rc7 40. Kf2 Kd5 41. Kf3 g5 42. a4 Nc4 43. Re2 Ne5+ 44. Kg2 Rxc6 45. Rd1 Rc4 46. Rf2 Ke6 47. Rdf1 Ng4 48. Re2+ Ne3+ 49. Kf2 Rc3 50. Rb1 Ke5 51. Rb5+ Ke4 52. Rb7 a5 53. Re7+ Kd3 54. Rxh7 Ra3 55. h4 gxh4 56. gxh4 Rxa4 57. h5 Ra1 58. Rb7 Rh1 59. Rb3+ Ke4 60. Ra3 Rxh5 61. Rxa5 Rh2+ 62. Ke1 Rh1+ 63. Kf2 Rf1+ 64. Kg3 f4+ 65. Kh2 f3 66. Rb2 f2 67. Ra8 Rh1+ 68. Kg3 f1=Q 69. Re8+ Kd3 70. Rb3+ Kc4 71. Rbxe3 dxe3 72. Re4+ Kd3 73. Rf4 Rg1+ 74. Kh2 Qxf4+ 75. Kh3 Qg3# 0-1


[Site "https://www.chess.com"]

[Event "Titled Tuesday Blitz December 20 Late 2022"]
[White "Han, Yichen"]
[Black "Gurevich, Dmitry"]
[WhiteFideId "1054430"]
[BlackFideId "2000407"]
[WhiteElo "2323"]
[BlackElo "2506"]
[Result "0-1"]
[Round "10"]
[TimeControl "180+1"]
[Date "2022.12.21"]
[WhiteClock "0:00:03"]
[BlackClock "0:00:21"]

1. d4 Nf6 2. Nf3 e6 3. Bf4 b6 4. e3 Bb7 5. Nbd2 Be7 6. c3 c5 7. h3 cxd4 8. exd4 d6 9. Bd3 O-O 10. Qe2 a6 11. a4 Nbd7 12. O-O Re8 13. Bh2 Nf8 14. Ng5 Nd5 15. Nge4 Ng6 16. Bc2 f5 17. Ng3 Ndf4 18. Qe3 Bg5 19. Qe1 Bxg2 20. Nc4 Bd5 21. f3 Nxh3+ 22. Kg2 Ngf4+ 23. Kh1 Bxc4 24. d5 exd5 25. Qd1 Bxf1 26. Qxf1 g6 27. Rd1 Qe7 28. Bb3 Kg7 29. Bg1 h5 30. Bd4+ Kh6 31. Bxd5 h4 32. Ne4 Nxd5 33. Nxg5 Nxg5 34. Qf2 Nh3 35. Qh2 Ndf4 36. Qf2 Qe2 37. Qxh4+ Nh5 38. Rc1 Qxf3+ 39. Kh2 Re2+ 40. Bf2 Rxf2+ 41. Qxf2 Qxf2+ 42. Kxh3 Qg3# 0-1


[Site "https://www.chess.com"]

[Event "Titled Tuesday Blitz December 20 Late 2022"]
[White "Ibadov, Dashgyn"]
[Black "Andreassen, Lars"]
[WhiteFideId "24107514"]
[BlackFideId "1504878"]
[WhiteElo "2208"]
[BlackElo "2119"]
[Result "1-0"]
[Round "10"]
[TimeControl "180+1"]
[Date "2022.12.21"]
[WhiteClock "0:01:01"]
[BlackClock "0:00:11"]

1. d4 d5 2. c4 e6 3. Nf3 c5 4. cxd5 cxd4 5. Nc3 dxc3 6. bxc3 Qxd5 7. Qc2 Nc6 8. e4 Qa5 9. Bc4 Nf6 10. O-O Be7 11. Re1 e5 12. Rb1 O-O 13. Bg5 Qc7 14. a4 h6 15. Bh4 Be6 16. Bxe6 fxe6 17. Qb3 b6 18. Qxe6+ Rf7 19. Rbd1 Qc8 20. Qc4 Kf8 21. Bg3 Na5 22. Qa2 Nc6 23. Bxe5 Ng4 24. Bg3 Rxf3 25. gxf3 Nge5 26. Kg2 Ng6 27. Rd5 Nh4+ 28. Bxh4 Bxh4 29. Red1 Bf6 30. Rd7 Ne7 31. Qe6 Qc5 32. Rd8+ 1-0


[Site "https://www.chess.com"]

[Event "Titled Tuesday Blitz December 20 Late 2022"]
[White "Ibarra Jerez, Jose Carlos"]
[Black "Olsen, Filip Boe"]
[WhiteFideId "2226332"]
[BlackFideId "1440640"]
[WhiteElo "2638"]
[BlackElo "2333"]
[Result "1-0"]
[Round "10"]
[TimeControl "180+1"]
[Date "2022.12.20"]
[WhiteClock "0:01:00"]
[BlackClock "0:00:51"]

1. e4 c6 2. Nf3 d5 3. d3 Nf6 4. e5 Nfd7 5. d4 c5 6. c4 cxd4 7. cxd5 Qa5+ 8. b4 Qxd5 9. Nc3 Qc6 10. Nb5 a6 11. Nbxd4 Qe4+ 12. Be3 e6 13. Qb3 Nxe5 14. Be2 Nbc6 15. O-O Bd7 16. b5 Nxf3+ 17. Nxf3 axb5 18. Rfd1 Nb4 19. Rd4 Qg6 20. Rxd7 Kxd7 21. Ne5+ 1-0


[Site "https://www.chess.com"]

[Event "Titled Tuesday Blitz December 20 Late 2022"]
[White "Indjic, Aleksandar"]
[Black "Haydon, David L"]
[WhiteFideId "911925"]
[BlackFideId "415405"]
[WhiteElo "2616"]
[BlackElo "2318"]
[Result "0-1"]
[Round "10"]
[TimeControl "180+1"]
[Date "2022.12.20"]
[WhiteClock "0:00:36"]
[BlackClock "0:01:09"]

1. d4 c6 2. c4 d5 3. Nc3 Nf6 4. Nf3 e6 5. Bg5 Be7 6. e3 Nbd7 7. Qc2 a6 8. cxd5 cxd5 9. Bd3 b5 10. O-O Bb7 11. h3 Rc8 12. Qb3 O-O 13. Rac1 Nb6 14. Qd1 Nc4 15. Qe2 Ne4 16. Bxe7 Qxe7 17. Nb1 g6 18. Rc2 Ncd6 19. Rfc1 Rxc2 20. Rxc2 Rc8 21. Ne1 Rxc2 22. Bxc2 e5 23. Nf3 exd4 24. Nxd4 Nc4 25. b3 Ne5 26. Nd2 Nc3 27. Qe1 Nxa2 28. N2f3 Nxf3+ 29. Nxf3 Nb4 30. Bb1 Qc5 31. Qd2 Nc6 32. Qb2 b4 33. Bd3 Qc3 34. Qxc3 bxc3 35. Kf1 Nb4 36. Ne1 Bc6 37. Ke2 Bb5 38. Bxb5 axb5 39. Nf3 Nc6 40. Ne1 b4 41. Nd3 Kf8 42. Nf4 d4 43. e4 Na5 44. Nd3 Nxb3 45. Nxb4 Nc5 46. f3 Ke8 47. Kd1 d3 48. Na2 c2+ 49. Kd2 Nb3+ 50. Kxd3 c1=Q 51. Nxc1 Nxc1+ 52. Ke3 Ke7 53. h4 Na2 54. Kf4 Nc3 55. Kg5 h5 56. g4 hxg4 57. Kxg4 Kf6 58. h5 gxh5+ 59. Kxh5 Ke5 60. Kg5 Ne2 61. Kh6 f6 62. Kg6 Ke6 63. Kg7 Nd4 64. f4 Ne2 0-1


[Site "https://www.chess.com"]

[Event "Titled Tuesday Blitz December 20 Late 2022"]
[White "Izeta Txabarri, Felix"]
[Black "Vlassov, Nikolai"]
[WhiteFideId "2200260"]
[BlackFideId "4103360"]
[WhiteElo "2480"]
[BlackElo "2324"]
[Result "0-1"]
[Round "10"]
[TimeControl "180+1"]
[Date "2022.12.21"]
[WhiteClock "0:00:03"]
[BlackClock "0:01:23"]

1. d4 Nf6 2. Nf3 e6 3. c4 Nc6 4. Nc3 Bb4 5. Bg5 h6 6. Bxf6 Bxc3+ 7. bxc3 Qxf6 8. e3 b6 9. Be2 Ba6 10. O-O Na5 11. Ne5 Qe7 12. c5 Bxe2 13. Qxe2 O-O 14. cxb6 axb6 15. a4 d6 16. Nc4 Nxc4 17. Qxc4 Ra5 18. Rab1 Qd7 19. Rb4 Rfa8 20. h3 d5 21. Qb3 Rxa4 22. Rxa4 Qxa4 23. Qb2 g6 24. g3 h5 25. h4 Kg7 26. Kg2 Qc4 27. Rc1 Ra2 28. Qb1 Qe2 29. Rf1 Rc2 30. Qb3 Qd2 31. Qa3 Qxc3 32. Qe7 Qxe3 33. Kg1 Qxd4 0-1


[Site "https://www.chess.com"]

[Event "Titled Tuesday Blitz December 20 Late 2022"]
[White "Jaracz, Pawel"]
[Black "Paravyan, David"]
[WhiteFideId "1102222"]
[BlackFideId "4194985"]
[WhiteElo "2460"]
[BlackElo "2551"]
[Result "0-1"]
[Round "10"]
[TimeControl "180+1"]
[Date "2022.12.20"]
[WhiteClock "0:00:08"]
[BlackClock "0:00:44"]

1. e4 e5 2. Nf3 Nf6 3. Nxe5 d6 4. Nf3 Nxe4 5. Nc3 Nxc3 6. dxc3 Be7 7. Be3 O-O 8. Qd2 Nd7 9. O-O-O c6 10. h4 Nf6 11. Bd3 Bg4 12. Rdg1 Qa5 13. Kb1 Rfe8 14. Ng5 h6 15. f3 Bf5 16. g4 Bxd3 17. Qxd3 Qd5 18. Bd4 c5 19. Bxf6 Qxd3 20. cxd3 Bxf6 21. Ne4 Be5 22. g5 h5 23. Rd1 Rad8 24. d4 cxd4 25. cxd4 d5 26. dxe5 dxe4 27. fxe4 Rxd1+ 28. Rxd1 Rxe5 29. Rd8+ Kh7 30. Rd7 Rxe4 31. Rxb7 Rxh4 32. Rxa7 Rf4 33. Ra3 h4 34. Rc3 Kg6 35. b3 Kxg5 36. a4 Kg4 37. a5 h3 38. Kb2 h2 39. Rc1 Kg3 40. Kc3 Rf6 41. b4 Rc6+ 0-1


[Site "https://www.chess.com"]

[Event "Titled Tuesday Blitz December 20 Late 2022"]
[White "Kalajzic, Ivan"]
[Black "Goncalves, Davi Sulzbacher"]
[WhiteFideId "14506378"]
[BlackFideId "2154510"]
[WhiteElo "2163"]
[BlackElo "2182"]
[Result "0-1"]
[Round "10"]
[TimeControl "180+1"]
[Date "2022.12.21"]
[WhiteClock "0:00:12"]
[BlackClock "0:00:18"]

1. c4 e5 2. Nc3 f5 3. e4 Nf6 4. g3 Bc5 5. Bg2 O-O 6. d3 fxe4 7. dxe4 d6 8. Nh3 Bg4 9. f3 Be6 10. Qe2 Nc6 11. Be3 Bxe3 12. Qxe3 Bxc4 13. O-O-O Qe8 14. Nf2 b5 15. Kb1 b4 16. Nd5 Nxd5 17. exd5 Nd4 18. Rhe1 Bxd5 19. Ne4 Qc6 20. Rxd4 exd4 21. Qxd4 b3 22. axb3 Bxb3 23. Rc1 Ba2+ 24. Kxa2 Qxc1 25. f4 Rab8 26. Ng5 h6 27. Bd5+ Kh8 28. Nf7+ Rxf7 29. Bxf7 c5 30. Qf2 c4 31. Qe2 c3 32. b3 c2 33. Bc4 Qb1+ 0-1


[Site "https://www.chess.com"]

[Event "Titled Tuesday Blitz December 20 Late 2022"]
[White "Kamsky, Gata"]
[Black "Rorrer, Grayson"]
[WhiteFideId "2000024"]
[BlackFideId "30944996"]
[WhiteElo "2666"]
[BlackElo "2200"]
[Result "1-0"]
[Round "10"]
[TimeControl "180+1"]
[Date "2022.12.20"]
[WhiteClock "0:02:19"]
[BlackClock "0:01:35"]

1. d4 Nf6 2. Nf3 e6 3. Bf4 c5 4. e3 cxd4 5. exd4 d6 6. Nbd2 Be7 7. h3 O-O 8. Bd3 b6 9. O-O Bb7 10. a4 a6 11. Re1 Nbd7 12. Bh2 Re8 13. a5 b5 14. c4 bxc4 15. Nxc4 Qb8 16. Ra3 Bd5 17. Rb3 Qc7 18. Nfd2 Rab8 19. Rc3 Qb7 20. Bf1 Qb4 21. Rb3 1-0


[Site "https://www.chess.com"]

[Event "Titled Tuesday Blitz December 20 Late 2022"]
[White "Kaplan, Avi Harrison"]
[Black "Itkis, Boris"]
[WhiteFideId "30934559"]
[BlackFideId "1209167"]
[WhiteElo "1983"]
[BlackElo "2216"]
[Result "1-0"]
[Round "10"]
[TimeControl "180+1"]
[Date "2022.12.21"]
[WhiteClock "0:00:40"]
[BlackClock "0:00:18"]

1. d4 d5 2. c4 dxc4 3. e3 a6 4. Bxc4 e6 5. Nf3 b5 6. Bd3 Bb7 7. O-O Nf6 8. Qe2 c5 9. Rd1 Nbd7 10. Nc3 Be7 11. dxc5 Bxc5 12. e4 e5 13. Bg5 Qc7 14. Rac1 O-O 15. b4 Bxb4 16. Nxb5 Qa5 17. Nc7 Rac8 18. Nxa6 Rxc1 19. Rxc1 Nxe4 20. Nxb4 Nxg5 21. Nxg5 Qxb4 22. Rb1 1-0


[Site "https://www.chess.com"]

[Event "Titled Tuesday Blitz December 20 Late 2022"]
[White "Kazakouski, Valery"]
[Black "Martinez Reyes, Pedro Ramon"]
[WhiteFideId "13507443"]
[BlackFideId "3901807"]
[WhiteElo "2516"]
[BlackElo "2354"]
[Result "0-1"]
[Round "10"]
[TimeControl "180+1"]
[Date "2022.12.20"]
[WhiteClock "0:00:01"]
[BlackClock "0:00:08"]

1. Nf3 d5 2. c4 dxc4 3. Na3 Be6 4. e3 Nc6 5. Ng5 Bf5 6. Bxc4 Ne5 7. Qb3 Nxc4 8. Nxc4 Qd5 9. Nd6+ Qxd6 10. Qxf7+ Kd7 11. Qxf5+ e6 12. Qb5+ Ke7 13. Qxb7 Rd8 14. b3 Qe5 15. Ba3+ Kd7 16. d4 Qxg5 17. Bxf8 Rxf8 18. O-O Qd5 19. Qxa7 Ra8 20. Qc5 Qxc5 21. dxc5 Ra3 22. Rfd1+ Ke7 23. b4 Nf6 24. b5 Rb8 25. Rdb1 Nd5 26. Rb2 Nc3 27. b6 cxb6 28. cxb6 Rb7 29. Kf1 Nd5 30. Rab1 Ra6 31. e4 Raxb6 32. Rxb6 Rxb6 33. Rc1 Nb4 34. a3 Nd3 35. Rd1 Ne5 36. f3 Rb3 37. Ra1 Nc6 38. a4 Na5 39. Kg1 e5 40. h3 g5 41. Rc1 Rb4 42. Rc5 Rxa4 43. Rxe5+ Kf6 44. Rf5+ Kg6 45. Kh2 Nc4 46. Rd5 Ra2 47. Rd1 Rxg2+ 48. Kxg2 Ne3+ 49. Kg3 Nxd1 50. h4 gxh4+ 51. Kxh4 Ne3 52. f4 Ng2+ 53. Kg3 Ne3 54. Kh4 Nc4 55. Kg4 Nd6 56. Kf3 Nb5 57. Kg4 Nd4 58. Kg3 Kh5 59. Kh3 Ne2 0-1


[Site "https://www.chess.com"]

[Event "Titled Tuesday Blitz December 20 Late 2022"]
[White "Kim, Sergey"]
[Black "Muhammad, Shahzeb"]
[WhiteFideId "13700570"]
[BlackFideId "7804806"]
[WhiteElo "2477"]
[BlackElo "2397"]
[Result "1-0"]
[Round "10"]
[TimeControl "180+1"]
[Date "2022.12.21"]
[WhiteClock "0:00:17"]
[BlackClock "0:00:08"]

1. d4 Nf6 2. c4 e6 3. Nc3 Bb4 4. Qc2 Nc6 5. Nf3 d6 6. a3 Bxc3+ 7. Qxc3 h6 8. g3 a5 9. b3 O-O 10. Bg2 Re8 11. O-O e5 12. d5 Ne7 13. Nd2 Bf5 14. e4 Bd7 15. Bb2 Ng6 16. b4 axb4 17. axb4 Rxa1 18. Rxa1 c6 19. c5 cxd5 20. exd5 dxc5 21. bxc5 Bb5 22. d6 Bc6 23. Nf3 Nd5 24. Qb3 e4 25. Nd4 h5 26. Nxc6 bxc6 27. Qb7 h4 28. Qxc6 Nb4 29. Qc7 Qg5 30. d7 Rf8 31. Bxe4 hxg3 32. hxg3 Qd2 33. Rb1 Nd3 34. Bxd3 Qxd3 35. Rf1 Ne7 36. Qe5 Nf5 37. c6 f6 38. Qe6+ Kh7 39. c7 Nxg3 40. Qh3+ Kg8 41. Qe6+ Kh7 42. Qh3+ Kg8 43. fxg3 Qe3+ 44. Kh1 Qe4+ 45. Qg2 Qh7+ 46. Kg1 Qd3 47. d8=Q Rxd8 48. cxd8=Q+ Qxd8 49. Qf2 Qc7 50. Re1 Kh8 51. Bxf6 gxf6 52. Qxf6+ Kh7 53. Re7+ Qxe7 54. Qxe7+ Kg6 55. Qe4+ Kh5 56. Qh4+ Kg6 57. g4 Kg7 58. Qh5 Kg8 59. g5 Kg7 60. g6 Kg8 61. Qh7+ Kf8 62. Qf7# 1-0


[Site "https://www.chess.com"]

[Event "Titled Tuesday Blitz December 20 Late 2022"]
[White "Kleinman, Michael"]
[Black "Mikhailov, Viacheslav"]
[WhiteFideId "2609479"]
[BlackFideId "4187369"]
[WhiteElo "2287"]
[BlackElo "2381"]
[Result "0-1"]
[Round "10"]
[TimeControl "180+1"]
[Date "2022.12.20"]
[WhiteClock "0:00:04"]
[BlackClock "0:00:12"]

1. e4 d6 2. d4 Nf6 3. Nc3 g6 4. h3 Bg7 5. Nf3 O-O 6. Be3 c6 7. a4 b6 8. Be2 Ba6 9. O-O c5 10. Bxa6 Nxa6 11. e5 Ne8 12. dxc5 Nxc5 13. Nd5 dxe5 14. a5 e4 15. axb6 axb6 16. Rxa8 Qxa8 17. Ng5 Qb7 18. Bxc5 bxc5 19. Nxe4 e6 20. Ndc3 Qxb2 21. Qd3 Nc7 22. Na4 Qb4 23. Nexc5 Nd5 24. c4 Nf4 25. Qe4 g5 26. Rb1 Qa3 27. h4 h6 28. g3 Ng6 29. h5 Ne5 30. Rb3 Qc1+ 31. Kg2 g4 32. Rc3 Qa1 33. Rc2 Nf3 34. Qxg4 Ne1+ 35. Kh3 Nxc2 36. Nd7 Qh1# 0-1


[Site "https://www.chess.com"]

[Event "Titled Tuesday Blitz December 20 Late 2022"]
[White "Kohler, Aran"]
[Black "Stead, Kerry"]
[WhiteFideId "1002856"]
[BlackFideId "3202577"]
[WhiteElo "2319"]
[BlackElo "1997"]
[Result "1-0"]
[Round "10"]
[TimeControl "180+1"]
[Date "2022.12.21"]
[WhiteClock "0:01:09"]
[BlackClock "0:01:35"]

1. Nf3 d5 2. d4 c5 3. c3 Nc6 4. Bf4 Nf6 5. e3 Bg4 6. Be2 e6 7. Ne5 Bxe2 8. Qxe2 Qb6 9. O-O cxd4 10. exd4 Nxe5 11. Bxe5 Nd7 12. b3 Nxe5 13. Qxe5 Qd6 14. Qxd6 Bxd6 15. Nd2 Rc8 16. Rac1 b5 17. Rc2 Kd7 18. g3 Rc6 19. Re1 Rhc8 20. Re3 Bb4 21. Nb1 a5 22. Kf1 Bd6 23. f4 b4 24. Ke2 bxc3 25. Rexc3 Bb4 26. Rxc6 Rxc6 27. Rxc6 Kxc6 28. Kd3 Kb5 29. a3 Be1 30. Ke2 Bxg3 31. hxg3 a4 32. Nc3+ Kc6 33. Nxa4 f6 34. Nc3 g5 35. fxg5 fxg5 36. g4 Kd6 37. b4 e5 38. dxe5+ Kxe5 39. Kf3 d4 40. Ne4 h6 41. b5 Kd5 42. a4 d3 43. Ke3 d2 44. Nxd2 Kc5 45. Ke4 Kb6 46. Kf5 1-0


[Site "https://www.chess.com"]

[Event "Titled Tuesday Blitz December 20 Late 2022"]
[White "Lacasa Diaz, Jose Antonio"]
[Black "Yuan, Qingyu"]
[WhiteFideId "2203375"]
[BlackFideId "8609772"]
[WhiteElo "2338"]
[BlackElo "2359"]
[Result "0-1"]
[Round "10"]
[TimeControl "180+1"]
[Date "2022.12.21"]
[WhiteClock "0:00:43"]
[BlackClock "0:01:05"]

1. e4 e5 2. Nf3 Nc6 3. Bb5 Nf6 4. d3 Bc5 5. Nc3 Nd4 6. Bc4 O-O 7. Bg5 c6 8. Nxd4 Bxd4 9. Bb3 h6 10. Bh4 a5 11. a4 d6 12. O-O Be6 13. Ne2 Bxb2 14. Rb1 Bxb3 15. Rxb2 Bxa4 16. Rxb7 g5 17. Bg3 Qc8 18. Rb1 c5 19. Nc3 Bc6 20. h4 Kg7 21. hxg5 hxg5 22. Qc1 Kg6 23. Nd1 a4 24. Ne3 Qe6 25. Nf5 Rab8 26. Rxb8 Rxb8 27. f3 Nh5 28. Bf2 Nf4 29. Be3 Ne2+ 0-1


[Site "https://www.chess.com"]

[Event "Titled Tuesday Blitz December 20 Late 2022"]
[White "Lazavik, Denis"]
[Black "Carlsen, Magnus"]
[WhiteFideId "13515110"]
[BlackFideId "1503014"]
[WhiteElo "2484"]
[BlackElo "2830"]
[Result "0-1"]
[Round "10"]
[TimeControl "180+1"]
[Date "2022.12.20"]
[WhiteClock "0:00:02"]
[BlackClock "0:01:29"]

1. d4 d5 2. c4 e6 3. Nf3 Nf6 4. g3 c5 5. cxd5 cxd4 6. dxe6 Bxe6 7. Qxd4 Nc6 8. Qxd8+ Rxd8 9. a3 Bd5 10. Be3 Ng4 11. Nc3 Nxe3 12. fxe3 Bc5 13. Nxd5 Rxd5 14. Kf2 Ne5 15. Nxe5 Rxe5 16. Bg2 Bxe3+ 17. Kf1 Ke7 18. Bxb7 Rb8 19. Bf3 Rxb2 20. Kg2 Ra5 21. Rhd1 Rb3 22. Rd3 Rxd3 23. exd3 Bd4 24. Ra2 f5 25. h4 Kf6 26. a4 Rc5 27. Bb7 Re5 28. Ba6 Re3 29. Rc2 Be5 30. Rc6+ Ke7 31. Kf2 Rxg3 32. Bc4 Rg6 33. Rxg6 hxg6 34. Kf3 Kf6 35. Bb5 Bd4 36. Be8 g5 37. hxg5+ Kxg5 38. Bd7 Kf6 39. Bc6 g5 40. Bd7 g4+ 41. Kf4 Be5+ 42. Ke3 Kg5 43. d4 Bd6 44. Bc8 f4+ 45. Ke4 f3 46. Ke3 Bh2 47. Ke4 Bg1 48. Bd7 Bxd4 49. Kxd4 Kf4 50. Kd3 g3 0-1


[Site "https://www.chess.com"]

[Event "Titled Tuesday Blitz December 20 Late 2022"]
[White "Leitao, Rafael"]
[Black "Silva, Miguel Antonio Neto"]
[WhiteFideId "2101246"]
[BlackFideId "1911929"]
[WhiteElo "2609"]
[BlackElo "2223"]
[Result "1-0"]
[Round "10"]
[TimeControl "180+1"]
[Date "2022.12.20"]
[WhiteClock "0:00:13"]
[BlackClock "0:00:18"]

1. c4 c5 2. Nc3 Nc6 3. Nf3 g6 4. g3 Bg7 5. Bg2 d6 6. O-O e6 7. b3 Nge7 8. Bb2 O-O 9. e3 b6 10. d4 cxd4 11. Nxd4 Bb7 12. Ndb5 Nc8 13. Qe2 a6 14. Na3 N8e7 15. Rad1 Qc7 16. Nc2 Rac8 17. Rd2 Rfd8 18. Rfd1 Rd7 19. f4 Rcd8 20. e4 Nc8 21. h4 Nb4 22. Ne3 Nc6 23. h5 N8e7 24. hxg6 hxg6 25. Bf3 Na7 26. Kg2 b5 27. Rh1 b4 28. Na4 Nac6 29. Bxg7 Kxg7 30. Rdd1 e5 31. Nd5 Nxd5 32. exd5 Nd4 33. Qe3 Nf5 34. Qd2 Re8 35. g4 Nd4 36. fxe5 dxe5 37. Qh6+ Kf6 38. Qh4+ Kg7 39. g5 Kf8 40. Qh8+ 1-0


[Site "https://www.chess.com"]

[Event "Titled Tuesday Blitz December 20 Late 2022"]
[White "Lopez Idarraga, Daniel Eduardo"]
[Black "Moreno Perez, Tobias Sebastian"]
[WhiteFideId "4405501"]
[BlackFideId "186716"]
[WhiteElo "2064"]
[BlackElo "2259"]
[Result "0-1"]
[Round "10"]
[TimeControl "180+1"]
[Date "2022.12.21"]
[WhiteClock "0:02:40"]
[BlackClock "0:02:04"]

1. b3 Nf6 2. Bb2 d5 3. e3 c6 4. f4 Bg4 5. Nf3 Nbd7 6. Be2 e6 7. Ne5 Bxe2 8. Qxe2 Be7 9. O-O O-O 10. d3 Nxe5 11. fxe5 Nd7 12. Nd2 f6 13. Nf3 f5 14. Nd4 Qb6 15. Nxe6 Rfe8 16. Bd4 c5 17. Bb2 Qxe6 0-1


[Site "https://www.chess.com"]

[Event "Titled Tuesday Blitz December 20 Late 2022"]
[White "Makarian, Rudik"]
[Black "Nakamura, Hikaru"]
[WhiteFideId "44105681"]
[BlackFideId "2016192"]
[WhiteElo "2440"]
[BlackElo "2909"]
[Result "0-1"]
[Round "10"]
[TimeControl "180+1"]
[Date "2022.12.20"]
[WhiteClock "0:00:05"]
[BlackClock "0:00:35"]

1. Nf3 d5 2. g3 g6 3. c4 dxc4 4. Na3 Bg7 5. Nxc4 Nc6 6. d3 e5 7. Bd2 Nge7 8. b4 a6 9. Rc1 Be6 10. Bg2 h6 11. O-O O-O 12. Bc3 f6 13. a3 Bd5 14. Bb2 Qd7 15. e4 Bf7 16. d4 exd4 17. Nxd4 Rad8 18. Nxc6 Nxc6 19. Qxd7 Rxd7 20. e5 Nd4 21. Bxd4 Rxd4 22. Na5 b6 23. Nc6 Rd7 24. Bh3 f5 25. Rfd1 Rxd1+ 26. Rxd1 Be8 27. Bg2 Bxc6 28. Bxc6 Bxe5 29. Rd7 Rf6 30. Bb7 b5 31. Rd8+ Kf7 32. Ra8 Rb6 33. Bxa6 Ke7 34. Kg2 Bd4 35. Bc8 Rc6 36. Ra5 Rc2 37. Rxb5 Rxf2+ 38. Kh1 Ra2 39. Rd5 Bb6 40. Rd3 Kf6 41. Bb7 g5 42. Bd5 Rb2 43. h3 h5 44. Rb3 Rd2 45. Bc6 Rc2 46. Bd5 Ke5 47. Bb7 Ra2 48. Bc6 Rc2 49. Bb7 g4 50. hxg4 fxg4 51. a4 Ra2 52. a5 Bd4 53. a6 h4 54. gxh4 Kf4 55. Rd3 Be3 56. Rxe3 Kxe3 57. h5 Kf2 58. Kh2 Ra3 59. Bg2 Rxa6 0-1


[Site "https://www.chess.com"]

[Event "Titled Tuesday Blitz December 20 Late 2022"]
[White "Makridis, Dimitrios"]
[Black "Yedidia, Daniel"]
[WhiteFideId "25864475"]
[BlackFideId "30905907"]
[WhiteElo "2272"]
[BlackElo "2588"]
[Result "1-0"]
[Round "10"]
[TimeControl "180+1"]
[Date "2022.12.20"]
[WhiteClock "0:02:34"]
[BlackClock "0:00:57"]

1. e4 e5 2. Nc3 Nf6 3. Nf3 Nc6 4. Bb5 Nd4 5. Bc4 Bc5 6. Nxe5 d5 7. Nxd5 O-O 8. O-O Nxe4 9. c3 Nc6 10. Nxc6 bxc6 11. Ne3 Kh8 12. d4 Be7 13. Qf3 f5 14. Bd3 Ng5 15. Qxc6 f4 16. Qxa8 1-0


[Site "https://www.chess.com"]

[Event "Titled Tuesday Blitz December 20 Late 2022"]
[White "Marchesich, Giovanni"]
[Black "Blanco Acevedo, Cristobal Jose"]
[WhiteFideId "2824790"]
[BlackFideId "3900525"]
[WhiteElo "2200"]
[BlackElo "2273"]
[Result "0-1"]
[Round "10"]
[TimeControl "180+1"]
[Date "2022.12.21"]
[WhiteClock "0:01:17"]
[BlackClock "0:01:41"]

1. Nf3 c5 2. g3 Nc6 3. Bg2 e5 4. e4 Nf6 5. O-O Be7 6. Nc3 d6 7. d3 h6 8. a4 g5 9. Nd2 h5 10. Nc4 g4 11. Ne3 h4 12. Ned5 Nd4 13. Nxe7 Qxe7 14. Bg5 Be6 15. gxh4 O-O-O 16. f4 gxf3 17. Bxf3 Rdg8 18. Bg2 Rxg5 19. hxg5 Ng4 20. Nd5 Qxg5 21. c3 Rxh2 22. Qc1 Ne2# 0-1


[Site "https://www.chess.com"]

[Event "Titled Tuesday Blitz December 20 Late 2022"]
[White "Matinian, Nikita"]
[Black "Zhigalko, Sergei"]
[WhiteFideId "24129100"]
[BlackFideId "13502956"]
[WhiteElo "2422"]
[BlackElo "2662"]
[Result "1-0"]
[Round "10"]
[TimeControl "180+1"]
[Date "2022.12.20"]
[WhiteClock "0:00:55"]
[BlackClock "0:00:01"]

1. e4 c5 2. Nf3 Nc6 3. Bb5 Nf6 4. Bxc6 dxc6 5. d3 Bg4 6. h3 Bh5 7. Be3 c4 8. Nc3 e6 9. g4 Bg6 10. Ne5 cxd3 11. cxd3 Nd7 12. Nxg6 hxg6 13. d4 Bd6 14. Qb3 Qc7 15. O-O-O a5 16. Kb1 b5 17. d5 exd5 18. exd5 a4 19. Qc2 O-O 20. dxc6 Qxc6 21. Ne4 Bc5 22. Nxc5 Rfc8 23. Rc1 Nxc5 24. Bxc5 Qf3 25. Qc3 Qe4+ 26. Ka1 Rc7 27. Qe3 Qg2 28. Bd6 Rd7 29. Bb4 Rad8 30. a3 Rd3 31. Qb6 1-0


[Site "https://www.chess.com"]